 Dungeon Crawl Stone Soup version 0.30.0-19-gbf45117a57 (webtiles) character file.

Game seed: 15139065825397624996

563 qw the Chopper (level 7, 0/43 HPs)
             Began as a Gargoyle Fighter on May 25, 2023.
             Was an Initiate of Okawaru.
             Slain by an orc
             ... wielding a +0 mace
              (3 damage)
             ... on level 5 of the Dungeon.
             The game lasted 00:02:09 (3638 turns).

qw the Chopper (Gargoyle Fighter)                   Turns: 3638, Time: 00:02:09

Health: 0/43       AC: 15    Str: 21    XL:     7   Next: 32%
Magic:  7/7        EV: 13    Int:  9    God:    Okawaru [......]
Gold:   223        SH:  4    Dex:  9    Spells: 6/6 levels left

rFire   . . .        Y - +1 war axe
rCold   . . .        c - +0 buckler
rNeg    + . .        l - +0 chain mail
rPois   inf          (no helmet)
rElec   +            (no cloak)
rCorr   .            (no gloves)
SInv    +            m - +0 pair of boots
Will    .....        (no amulet) Stlth
                     p - +5 ring of evasion
HPRegen 0.27/turn    k - ring of see invisible
MPRegen 0.10/turn

%: no passive effects
@: no status effects
A: sickness immunity, AC +4, negative energy resistance 1, electricity
resistance, torment resistance 1, petrification resistance
a: Renounce Religion


You were on level 5 of the Dungeon.
You worshipped Okawaru.
Okawaru was noncommittal.
You visited 1 branch of the dungeon, and saw 5 of its levels.

You collected 223 gold pieces.


Innate Abilities, Weirdness & Mutations

You are immune to sickness and miasma.
Your stone body is resilient. (AC +4)
You are immune to poison.
You resist negative energy. (rN+)
You are resistant to electric shocks. (rElec)
You are resistant to unholy torment.
You are immune to petrification.


   Skills:
 - Level 4.2 Fighting
 + Level 6.6 Axes
 - Level 3.2 Armour
 - Level 1.0 Dodging
 - Level 3.2 Shields


You had 6 spell levels left.
You didn't know any spells.
Your spell library was empty.

Inventory:

Hand Weapons
 a - a +0 flail
 Y - a +1 war axe (weapon)
Armour
 c - a +0 buckler (worn)
 l - a +0 chain mail (worn)
 m - a +0 pair of boots (worn)
Jewellery
 b - a +4 ring of protection
 k - a ring of see invisible (right hand)
 p - a +5 ring of evasion (left hand)
Scrolls
 f - a scroll of identify
Potions
 d - a potion of might
 e - a potion of lignification
 g - 2 potions of curing
 i - a potion of haste {unknown}
 j - a potion of magic {unknown}
 n - a potion of attraction {unknown}
 o - a potion of berserk rage {unknown}

Dungeon Overview and Level Annotations

Branches:
Dungeon (5/15)
 Temple: D:4-7

Altars:
Okawaru
Qazlal
Ru
Wu Jian


Message History

The ogre hits you with a +0 giant club!!
Ouch! That really hurt!
You hit the ogre but do no damage.
The ogre is lightly wounded.
The ogre hits you with a +0 giant club!!
You slash the ogre!
The ogre is severely wounded.
You hit the ogre.
The ogre is severely wounded.
The ogre barely misses you.
You barely miss the ogre.
The ogre is severely wounded.
The ogre hits you but does no damage.
You barely miss the ogre.
The ogre is severely wounded.
You block the ogre's attack.
You slash the ogre!
The ogre is almost dead.
The ogre closely misses you.
You hit the ogre but do no damage.
The ogre is almost dead.
The ogre hits you but does no damage.
You barely miss the ogre.
The ogre is almost dead.
You hit the ogre.
You kill the ogre!
Okawaru accepts your kill.
You closely miss the orc. You block the orc's attack.
You barely miss the orc. The orc hits you but does no damage.
You closely miss the orc. The orc barely misses you.
The orc hits you but does no damage.
You hit the orc.
The orc is moderately wounded.
The orc hits you with a +0 mace.
You hit the orc.
The orc is severely wounded.
The orc hits you with a +0 mace.
You die...

...>.#
#.##...%.......>.
...#.#
###.##..###########
..... #.......#
##.#
########.#.##.## #
# .........#.##.# #
##########.##.# #
............# ..
..######.#### #..
......o@.# ####
..######## . ##


You could see an orc.

Vanquished Creatures
  An ogre (D:5)
  A scorpion (D:4)
  A hound (D:4)
  2 orc priests (D:3)
  2 iguanas (D:5)
  An orc wizard (D:3)
  Terence (D:3)
  8 gnolls
  3 adders
  A shadow imp (D:5)
  2 worms (D:3)
  2 dart slugs
  11 orcs
  8 ball pythons
  2 bats
  8 endoplasms
  6 giant cockroaches
  7 goblins
  8 hobgoblins
  7 jackals
  12 kobolds
  5 quokkas
  3 frilled lizards
  7 rats
109 creatures vanquished.

Notes
Turn   | Place    | Note
-------+----------+-------------------------------------------
     0 | D:1      | qw the Gargoyle Fighter began the quest for the Orb.
     0 | D:1      | Reached XP level 1. HP: 14/14 MP: 1/1
     0 | D:1      | 0 ||| qw: Version: 0.2-a-98-g5d7165a
     0 | D:1      | 0 ||| qw: Game counter: 64
     0 | D:1      | 0 ||| qw: Always use a shield: true
     0 | D:1      | 0 ||| qw: God list: Okawaru
     0 | D:1      | 0 ||| qw: Allow faded altars: false
     0 | D:1      | 0 ||| qw: Do Orc after D:15 true
     0 | D:1      | 0 ||| qw: Do second Lair branch before Depths: true
     0 | D:1      | 0 ||| qw: Lair rune preference: random
     0 | D:1      | 0 ||| qw: Plans: Normal, Zot:1-4, God:TSO, Crypt, Tomb,
                  | Pan, Slime:5, Hells, Abyss, Win
     0 | D:1      | 0 ||| PLANNING D:1-11
    27 | D:1      | Reached skill level 2 in Axes
    88 | D:1      | You fall into a shaft and drop 1 floor!
   146 | D:1      | Reached XP level 2. HP: 19/19 MP: 2/2
   277 | D:1      | Reached skill level 3 in Axes
   307 | D:1      | Reached XP level 3. HP: 23/23 MP: 3/3
   440 | D:1      | 440 ||| Stepping ~*~*~tactically~*~*~ (stealth).
   541 | D:1      | 541 ||| UPGRADING to +4 ring of protection.
   542 | D:1      | 542 ||| READING scroll labelled CYBLUMUARHYCS.
   543 | D:1      | 543 ||| DRINKING 2 fuming sapphire potions.
   544 | D:1      | 544 ||| DRINKING 2 fizzy red potions.
   545 | D:1      | 545 ||| DROPPING potion of flight.
   546 | D:1      | 546 ||| DROPPING potion of degeneration.
   620 | D:2      | 620 ||| Stepping ~*~*~tactically~*~*~ (stealth).
   621 | D:2      | 621 ||| Stepping ~*~*~tactically~*~*~ (stealth).
   892 | D:2      | 892 ||| Stepping ~*~*~tactically~*~*~ (stealth).
   893 | D:2      | 893 ||| Stepping ~*~*~tactically~*~*~ (stealth).
   971 | D:2      | Found a faded altar of an unknown god.
   973 | D:2      | 973 ||| Stepping ~*~*~tactically~*~*~ (hiding).
   974 | D:2      | 974 ||| Stepping ~*~*~tactically~*~*~ (hiding).
   975 | D:2      | 975 ||| Stepping ~*~*~tactically~*~*~ (hiding).
   976 | D:2      | 976 ||| Stepping ~*~*~tactically~*~*~ (hiding).
   985 | D:2      | Reached XP level 4. HP: 20/28 MP: 4/4
  1196 | D:2      | 1196 ||| Stepping ~*~*~tactically~*~*~ (hiding).
  1330 | D:2      | 1330 ||| Stepping ~*~*~tactically~*~*~ (hiding).
  1331 | D:2      | 1331 ||| Stepping ~*~*~tactically~*~*~ (hiding).
  1594 | D:2      | 1594 ||| UPGRADING to +0 pair of boots.
  1599 | D:2      | 1599 ||| READING scroll labelled FOHOZUP LEOLIDGH.
  1600 | D:2      | 1600 ||| READING scroll labelled RYRIUWK NOKKYA.
  1601 | D:2      | 1601 ||| DRINKING 2 pink potions.
  1602 | D:2      | 1602 ||| DRINKING 2 smoky coppery potions.
  1635 | D:2      | 1635 ||| DRINKING 2 bubbling ruby potions.
  1636 | D:2      | 1636 ||| DROPPING potion of invisibility.
  1637 | D:2      | 1637 ||| DROPPING potion of brilliance.
  1687 | D:3      | 1687 ||| STAIRDANCE
  1694 | D:2      | Reached skill level 4 in Axes
  1741 | D:2      | 1741 ||| DROPPING +0 whip.
  1855 | D:3      | Reached XP level 5. HP: 25/32 MP: 5/5
  1890 | D:3      | Found an ornate altar of the Wu Jian Council.
  1893 | D:3      | 1893 ||| Stepping ~*~*~tactically~*~*~ (stealth).
  1932 | D:3      | 1932 ||| Stepping ~*~*~tactically~*~*~ (stealth).
  1938 | D:3      | Reached skill level 5 in Axes
  1940 | D:3      | 1940 ||| Stepping ~*~*~tactically~*~*~ (stealth).
  1975 | D:3      | 1975 ||| Stepping ~*~*~tactically~*~*~ (stealth).
  1976 | D:3      | 1976 ||| Stepping ~*~*~tactically~*~*~ (stealth).
  2541 | D:3      | Noticed Terence
  2548 | D:3      | Killed Terence
  2549 | D:3      | Reached skill level 1 in Dodging
  2549 | D:3      | Reached XP level 6. HP: 32/38 MP: 6/6
  2589 | D:3      | Found an iron altar of Okawaru.
  2590 | D:3      | 2590 ||| PLANNING OKAWARU WORSHIP
  2600 | D:3      | 2600 ||| UPGRADING to +0 chain mail.
  2610 | D:3      | 2610 ||| DROPPING +0 scale mail.
  2611 | D:3      | 2611 ||| UPGRADING to ring of see invisible.
  2612 | D:3      | 2612 ||| READING 2 scrolls labelled SIUBLE SIREICROQO.
  2616 | D:3      | 2616 ||| READING scroll labelled LITOD TUWUVI.
  2617 | D:3      | 2617 ||| READING scroll labelled JAWYR RA VUTA.
  2618 | D:3      | 2618 ||| DRINKING 3 puce potions.
  2740 | D:3      | Became a worshipper of Warmaster Okawaru
  2740 | D:3      | 2740 ||| PLANNING D:1-11
  3218 | D:4      | Found a stormy altar of Qazlal.
  3360 | D:4      | Found a sacrificial altar of Ru.
  3363 | D:4      | 3363 ||| UPGRADING to +5 ring of evasion.
  3365 | D:4      | 3365 ||| READING 2 scrolls labelled LOGOLAUF YCSIDE.
  3366 | D:4      | 3366 ||| READING scroll labelled IMOAMOG DAJEC.
  3387 | D:5      | Entered Level 5 of the Dungeon
  3410 | D:5      | Reached skill level 6 in Axes
  3410 | D:5      | HP: 8/38 [phantom (3)]
  3411 | D:5      | 3411 ||| READING 2 scrolls of teleportation.
  3416 | D:5      | 3416 ||| READING scroll of teleportation.
  3418 | D:5      | 3418 ||| DRINKING 2 potions of curing.
  3418 | D:5      | 3418 ||| (to cure confusion)
  3425 | D:5      | Reached XP level 7. HP: 20/43 MP: 7/7
  3625 | D:5      | HP: 2/43 [ogre/+0 giant club (18)]
  3637 | D:5      | HP: 3/43 [orc/+0 mace (3)]
  3638 | D:5      | Slain by an orc

Levels and vault maps discovered:
D:1:      zaba_arrival_water, layout_basic, amethyst_killhole,
          minmay_misc_feat_iff, serial_bayou_pond_a
D:2:      layout_loops_ring, hellmonk_ecumenical_altar_lost_god,
          minmay_liquid_box
D:3:      layout_loops_ring, okawaru_altar_gauntlet_db, lemuel_round_altar,
          uniq_terence
D:4:      layout_cave_pools, mainiacjoe_overflow_paths, nicolae_ru_path_of_blood
D:5:      layout_loops_ring, nicolae_gozag_conspicuous_consumption,
          mainiacjoe_overflow_alcove_1

Skill      XL: |  1  2  3  4  5  6 |
---------------+-------------------+-----
Axes           | 2 3 4 5 6 |  6.6
Fighting       | 4 |  4.2
Dodging        | 1 |  1.0
Armour         | |  3.2
Shields        | |  3.2

Action                     |  1- 3 |  4- 6 |  7- 9 || total
---------------------------+-------+-------+-------++-------
  Melee: War axe           |   143 |   202 |    23 ||   368
    Use: Potion            |     2 |     5 |       ||     7
         Scroll            |     1 |     9 |       ||    10
 Armour: Scale mail        |    87 |    65 |       ||   152
         Chain mail        |       |    46 |     5 ||    51
  Dodge: Dodged            |    64 |   100 |     8 ||   172
  Block: Buckler           |    29 |    36 |     3 ||    68

Table legend:
 A = Non-vault XP
 B = Vault XP
 C = Vault XP percentage of total XP
 D = Non-vault monster count
 E = Vault monster count
 F = Vault count percentage of total count
                 A         B        C        D         E       F
            +---------+---------+-------+---------+---------+-------
      Total |     748 |      57 |   7.1 |     102 |       7 |   6.4
            +---------+---------+-------+---------+---------+-------
        D:1 |      40 |       0 |   0.0 |      23 |       0 |   0.0
        D:2 |      56 |       0 |   0.0 |      22 |       0 |   0.0
        D:3 |     218 |      57 |  20.7 |      33 |       7 |  17.5
        D:4 |     154 |       0 |   0.0 |      13 |       0 |   0.0
        D:5 |     280 |       0 |   0.0 |      11 |       0 |   0.0
            +---------+---------+-------+---------+---------+-------
